 Dungeon Crawl Stone Soup version 0.26.0-45-g9c1d065592 (webtiles) character file.

Game seed: 2770535114843273441

32843 KamiKatze the Thaumaturge (level 13, -37/73 HPs)
             Began as a Deep Elf Conjurer on Jan 26, 2021.
             Was a High Priest of Vehumet.
             Annihilated by a boulder beetle (61 damage)
             ... on level 6 of the Lair of Beasts on Jan 27, 2021.
             The game lasted 01:39:48 (14571 turns).

KamiKatze the Thaumaturge (Deep Elf Conjurer)      Turns: 14571, Time: 01:39:49

Health: -37/73     AC:  6    Str:  4    XL:     13   Next: 33%
Magic:  14/32      EV: 15    Int: 29    God:    Vehumet [*****.]
Gold:   983        SH:  5    Dex: 13    Spells: 9/38 levels left

rFire    . . .     SeeInvis .   a - +1 dagger (elec)
rCold    . . .     Faith    .   H - +0 buckler
rNeg     . . .     Spirit   .   O - +0 robe
rPois    +         Reflect  .   x - +0 helmet
rElec    .         Harm     .   A - +0 cloak
rCorr    .         Rampage  .   (no gloves)
Will     ++...                  B - +1 pair of boots
Stlth    +++.......             G - amulet of regeneration
HPRegen  0.62/turn              q - ring of willpower
MPRegen  0.23/turn              l - ring of poison resistance

@: no status effects
A: no striking features
a: Renounce Religion


You were on level 6 of the Lair of Beasts.
You worshipped Vehumet.
Vehumet was extremely pleased with you.
You visited 3 branches of the dungeon, and saw 18 of its levels.

You collected 983 gold pieces.

Inventory:

Hand Weapons
 a - a +1 dagger of electrocution (weapon)
Missiles
 d - 4 throwing nets
 e - 64 poisoned darts (quivered)
 g - 3 atropa-tipped darts
 p - 13 curare-tipped darts
Armour
 k - a +0 ring mail
 x - a +0 helmet (worn)
 A - a +0 cloak (worn)
 B - a +1 pair of boots (worn)
 H - a +0 buckler (worn)
 O - a +0 robe (worn)
 S - a +0 hat of see invisible
Jewellery
 i - an uncursed ring of resist corrosion
 l - a ring of poison resistance (right hand)
 q - a ring of willpower (left hand)
 E - an uncursed ring of ice
 G - an amulet of regeneration (around neck)
 J - an uncursed ring of protection from cold
Wands
 n - a wand of flame (7)
 o - a wand of polymorph (7)
 u - a wand of digging (15)
 M - a wand of iceblast (11)
 U - a wand of acid (7)
Scrolls
 c - 6 scrolls of teleportation
 f - 13 scrolls of remove curse
 m - 4 scrolls of enchant armour
 s - a scroll of amnesia
 t - 3 scrolls of blinking
 y - 4 scrolls of fog
 C - a scroll of acquirement {unknown}
 D - a scroll of vulnerability {unknown}
 I - 2 scrolls of random uselessness {unknown}
 N - 2 scrolls of immolation {unknown}
 P - 3 scrolls of identify
 Q - 2 scrolls of enchant weapon
 R - a scroll of brand weapon {unknown}
 T - a scroll of magic mapping {unknown}
Potions
 b - 3 potions of brilliance
 h - 3 potions of haste
 j - 12 potions of curing
 r - a potion of ambrosia
 v - 2 potions of might
 w - 3 potions of lignification
 z - 2 potions of attraction
 F - a potion of resistance
 K - a potion of flight
 L - 2 potions of heal wounds


   Skills:
 + Level 5.5 Fighting
 - Level 6.0 Dodging
 - Level 6.0 Stealth
 - Level 5.0 Shields
 * Level 13.4 Spellcasting
 + Level 12.5 Conjurations
 + Level 9.8 Hexes
 + Level 9.7 Translocations
 * Level 3.3 Fire Magic
 - Level 2.0 Air Magic
 * Level 5.0 Earth Magic
 - Level 4.0 Poison Magic


You had 9 spell levels left.
You knew the following spells:

 Your Spells              Type           Power        Failure   Level
a - Magic Dart            Conj           100%         0%          1
b - Searing Ray           Conj           100%         0%          2
c - Fulminant Prism       Conj/Hex       35%          1%          4
d - Iskenderun's Mystic   Conj/Tloc      71%          1%          4
e - Mephitic Cloud        Conj/Pois/Air  53%          1%          3
f - Olgreb's Toxic Radia  Pois           42%          1%          4
g - Iron Shot             Conj/Erth      31%          3%          6
h - Fireball              Conj/Fire      30%          1%          5

Your spell library contained the following spells:

 Spells                   Type           Power        Failure   Level
 Airstrike                Air            15%          3%          4
 Apportation              Tloc           100%         1%          1
 Corona                   Hex            74%          1%          1
 Foxfire                  Conj/Fire      100%         1%          1
 Ensorcelled Hibernation  Hex/Ice        96%          1%          2
 Confusing Touch          Hex            67%          1%          3
 Conjure Flame            Conj/Fire      60%          1%          3
 Dazzling Flash           Conj/Hex       100%         1%          3
 Gell's Gravitas          Tloc           33%          1%          3
 Inner Flame              Hex/Fire       55%          1%          3
 Tukima's Dance           Hex            67%          1%          3
 Leda's Liquefaction      Hex/Erth       29%          1%          4
 Sticky Flame             Conj/Fire      60%          1%          4
 Bolt of Magma            Conj/Fire/Erth 28%          1%          5
 Animate Skeleton         Necr           38%          2%          1
 Summon Small Mammal      Summ           76%          2%          1
 Corpse Rot               Necr/Air       N/A          2%          2
 Yara's Violent Unravell  Hex/Tmut       24%          2%          5
 Sublimation of Blood     Necr           9%           4%          2
 Petrify                  Tmut/Erth      34%          10%         4
 Metabolic Englaciation   Hex/Ice        24%          10%         5
 Freezing Cloud           Conj/Ice/Air   23%          16%         6
 Dispel Undead            Necr           19%          26%         4
 Ice Form                 Ice/Tmut       19%          26%         4
 Agony                    Necr           19%          58%         5
 Excruciating Wounds      Necr           9%           58%         5
 Ozocubu's Refrigeration  Ice            9%           67%         6
 Statue Form              Tmut/Erth      22%          82%         6
 Simulacrum               Ice/Necr       9%           99%         6
 Shatter                  Erth           24%          100%        9


Dungeon Overview and Level Annotations

Branches:
Dungeon (11/15)            Temple (1/1) D:4            Lair (5/6) D:8
 Shoals (0/4) Lair:4       Spider (0/4) Lair:4
  Slime: Lair:5-6       Orc: D:9-12

Altars:
Ashenzari
Cheibriados
Dithmenos
Elyvilon
Fedhas
Gozag
Hepliaklqana
Kikubaaqudgha
Makhleb
Nemelex Xobeh
Okawaru
Qazlal
Ru
Sif Muna
Trog
Uskayaw
Vehumet
Wu Jian
Xom
Yredelemnul
Zin
The Shining One

Annotations:
D:5 1 runed translucent door, exclusion: door, lysyklops's ghost, novice OpVM
D:6 Maggie
D:7 2 transporters, asdu's ghost, novice DgDe
Lair:3 2 transporters, Plopball's ghost, journeyman HuFi
Lair:5 Sonja


Message History

You erupt in a blast of force!
The mystic blast hits the hornet!
The hornet is moderately wounded.
The hornet is knocked back by the mystic blast.
The hornet slams into the rock wall!
The mystic blast hits the plant!
The plant begins to die.
The plant is lightly damaged.
The mystic blast hits the death yak!
You kill the death yak!
Vehumet accepts your kill.
You feel your power returning.
The mystic blast hits the death yak!
The death yak is heavily wounded.
The death yak is knocked back by the mystic blast.
The mystic blast hits the boulder beetle.
The boulder beetle is heavily wounded.
The boulder beetle is knocked back by the mystic blast.
The boulder beetle slams into the rock wall!
Your Earth Magic skill increases to level 5!
The boulder beetle hits you!!!
Ouch! That really hurt!
You die...

##... #.?.# #P..# #
#.P.# #. #P..###
#..##P....#
..........## .#
#..@B..# ..#
#....○###..#
#####.......P.#
....y........P.
.##....Y...#P.P
[.#.....#.Y..†.###.
. .....##....†[..#
..#....#.........#
........#...†....#


You could see 2 death yaks, a boulder beetle and a hornet.

Vanquished Creatures
  Gastronok (Lair:3)
  Harold (D:8)
  2 hydras
  2 boulder beetles
  A two-headed ogre (D:9)
  3 death yaks
  Nergalle (Lair:3)
  An unseen horror (D:10)
  6 elephants (Lair:2)
  2 black mambas (Lair:2)
  6 cane toads
  2 rime drakes
  10 komodo dragons
  2 polar bears
  2 hornets
  A troll (D:8)
  17 blink frogs
  Sigmund (D:3)
  31 yaks
  3 wyverns
  2 spriggans (Lair:4)
  3 steam dragons
  5 basilisks
  8 water moccasins
  3 orc warriors
  An ice beast (D:7)
  A black bear (Lair:4)
  3 phantoms
  A hornet zombie (D:8)
  A centaur (D:9)
  9 ogres
  A necrophage (D:7)
  12 wolves
  5 bullfrogs
  A wyvern skeleton (D:10)
  5 scorpions
  5 killer bees
  8 wights
  4 howler monkeys
  2 bullfrog zombies (D:8)
  A centaur zombie (D:5)
  4 hounds
  2 jellies
  Crazy Yiuf (D:5)
  7 orc priests
  8 orc wizards
  3 bullfrog skeletons
  A centaur skeleton (D:8)
  An iguana (D:7)
  Ijyb (D:5)
  5 hell rats (Lair:4)
  A killer bee zombie (D:7)
  8 worker ants
  A hound zombie (D:9)
  2 hound skeletons
  2 worker ant zombies (D:10)
  9 adders
  3 gnolls (D:2)
  A howler monkey skeleton (D:8)
  4 shadow imps
  2 white imps
  An ooze (D:6)
  An adder skeleton (D:4)
  7 worms
  3 leopard geckos
  45 orcs
  2 bats
  8 giant cockroaches
  6 goblins
  6 hobgoblins
  7 jackals
  5 quokkas
  3 frilled lizards (D:2)
  2 gnoll zombies (D:7)
  7 kobolds
  10 rats
  A butterfly (Lair:3)
356 creatures vanquished.

Vanquished Creatures (others)
  A bush (Lair:4)
  145 fulminant prisms
  75 fungi
  57 plants
278 creatures vanquished.

Grand Total: 634 creatures vanquished

Notes
Turn   | Place    | Note
-------+----------+-------------------------------------------
     0 | D:1      | KamiKatze the Deep Elf Conjurer began the quest for the
                  | Orb.
     0 | D:1      | Reached XP level 1. HP: 10/10 MP: 6/6
   479 | D:2      | Reached XP level 2. HP: 16/16 MP: 4/8
   482 | D:2      | Learned a level 2 spell: Searing Ray
   559 | D:2      | Found a white marble altar of Elyvilon.
   723 | D:2      | Reached XP level 3. HP: 18/20 MP: 0/10
   872 | D:2      | Reached skill level 1 in Fighting
   945 | D:2      | Found a snail-covered altar of Cheibriados.
  1143 | D:2      | Reached skill level 5 in Conjurations
  1143 | D:2      | Reached XP level 4. HP: 25/25 MP: 6/11
  1168 | D:2      | Reached skill level 4 in Spellcasting
  1242 | D:2      | Found a snail-covered altar of Cheibriados.
  1420 | D:3      | Learned a level 4 spell: Fulminant Prism
  1425 | D:3      | Learned a level 4 spell: Iskenderun's Mystic Blast
  1627 | D:3      | Noticed Sigmund
  1634 | D:3      | Killed Sigmund
  1635 | D:3      | Reached skill level 5 in Spellcasting
  1635 | D:3      | Reached skill level 1 in Translocations
  1635 | D:3      | Reached XP level 5. HP: 13/30 MP: 5/14
  1635 | D:3      | Reached XP level 6. HP: 16/35 MP: 5/15
  1707 | D:3      | Found a sacrificial altar of Ru.
  1732 | D:3      | Found a shadowy altar of Dithmenos.
  1732 | D:3      | Found a hide-covered altar of Uskayaw.
  1970 | D:4      | Found a staircase to the Ecumenical Temple.
  1979 | Temple   | Entered the Ecumenical Temple
  2640 | D:5      | Entered Level 5 of the Dungeon
  2655 | D:5      | Noticed lysyklops's ghost (novice OpVM)
  2656 | D:5      | Found a runed translucent door.
  2685 | D:5      | Found a radiant altar of Vehumet.
  2685 | D:5      | Noticed Ijyb
  2692 | D:5      | Killed Ijyb
  2693 | D:5      | Reached XP level 7. HP: 40/40 MP: 13/17
  2750 | D:5      | Became a worshipper of Vehumet
  3050 | D:5      | Found a snail-covered altar of Cheibriados.
  3244 | D:5      | Found a runed translucent door.
  3245 | D:5      | Noticed Crazy Yiuf
  3250 | D:5      | Killed Crazy Yiuf
  3251 | D:5      | Reached skill level 6 in Spellcasting
  3584 | D:6      | Reached * piety under Vehumet
  3584 | D:6      | Offered knowledge of Shock by Vehumet.
  3669 | D:6      | Reached XP level 8. HP: 44/44 MP: 13/19
  3870 | D:6      | Noticed Maggie
  4011 | D:6      | Reached skill level 5 in Translocations
  4060 | D:6      | Reached skill level 5 in Hexes
  4067 | D:6      | Reached skill level 7 in Spellcasting
  4262 | D:6      | Reached XP level 9. HP: 44/48 MP: 12/22
  4433 | D:7      | Offered knowledge of Freeze by Vehumet.
  4466 | D:7      | Reached ** piety under Vehumet
  4516 | D:7      | Reached skill level 8 in Spellcasting
  4683 | D:7      | Found a transporter.
  4727 | D:7      | Identified the +5 kite shield of Day {-Tele Will+++ Str+5}
  4743 | D:7      | Found a transporter.
  4771 | D:7      | Noticed asdu's ghost (novice DgDe)
  4877 | D:7      | Found an iron altar of Okawaru.
  5302 | D:7      | Found a basalt altar of Yredelemnul.
  5816 | D:8      | HP: 2/48 [killer bee (6)]
  5907 | D:7      | Offered knowledge of Mephitic Cloud by Vehumet.
  5939 | D:7      | Learned a level 3 spell: Mephitic Cloud
  6064 | D:8      | Noticed a troll
  6069 | D:8      | Killed a troll
  6070 | D:8      | Reached skill level 9 in Spellcasting
  6070 | D:8      | Reached XP level 10. HP: 53/53 MP: 8/25
  6071 | D:8      | Reached skill level 10 in Conjurations
  6191 | D:8      | Reached *** piety under Vehumet
  6300 | D:8      | Noticed Harold
  6335 | D:8      | Killed Harold
  6590 | D:8      | Noticed a moth of wrath
  6596 | D:8      | Found a bloodstained altar of Trog.
  6607 | D:8      | Offered knowledge of Olgreb's Toxic Radiance by Vehumet.
  6927 | D:8      | Learned a level 4 spell: Olgreb's Toxic Radiance
  7016 | D:8      | Reached skill level 1 in Poison Magic
  7143 | D:8      | Reached skill level 1 in Air Magic
  7247 | D:8      | Found a staircase to the Lair.
  7464 | D:9      | Noticed a two-headed ogre
  7474 | D:9      | Killed a two-headed ogre
  7475 | D:9      | Reached skill level 10 in Spellcasting
  7790 | D:9      | Reached **** piety under Vehumet
  8059 | D:10     | Entered Level 10 of the Dungeon
  8071 | D:10     | Reached XP level 11. HP: 40/57 MP: 11/27
  8129 | D:10     | Offered knowledge of Frozen Ramparts by Vehumet.
  8723 | D:10     | Killed an unseen horror
  9006 | D:11     | Noticed an eight-headed hydra
  9088 | Lair:1   | Entered Level 1 of the Lair of Beasts
  9427 | Lair:1   | Noticed a four-headed hydra
  9437 | Lair:1   | Killed a four-headed hydra
  9730 | Lair:1   | Reached skill level 11 in Spellcasting
 10611 | Lair:2   | Reached XP level 12. HP: 66/66 MP: 18/29
 10753 | Lair:2   | Noticed a boulder beetle
 10755 | Lair:2   | Upgraded the game from 0.26.0-41-g79a4fc7684 to
                  | 0.26.0-45-g9c1d065592
 10768 | Lair:2   | Reached skill level 5 in Shields
 10777 | Lair:2   | Killed a boulder beetle
 11153 | Lair:2   | Noticed a death yak
 11220 | Lair:2   | Reached ***** piety under Vehumet
 11498 | Lair:2   | Reached skill level 12 in Spellcasting
 11526 | Lair:2   | Killed a death yak
 11527 | Lair:2   | Reached skill level 5 in Stealth
 11580 | Lair:3   | Noticed Nergalle
 11585 | Lair:3   | Offered knowledge of Bolt of Magma by Vehumet.
 11728 | Lair:3   | Killed Nergalle
 11809 | Lair:3   | Identified the cursed +2 short sword of Buzehu {distort,
                  | rElec rF- rN+ Will+}
 11811 | Lair:3   | Noticed Plopball's ghost (journeyman HuFi)
 11830 | Lair:3   | Learned a level 6 spell: Iron Shot
 11861 | Lair:3   | Found the +8 demon trident "Rift" {distort, reach+}
 11871 | Lair:3   | Found a transporter.
 11873 | Lair:3   | Found a transporter.
 11900 | Lair:3   | Noticed a hell hog
 11903 | Lair:3   | Noticed Gastronok
 11930 | Lair:3   | Reached skill level 5 in Dodging
 11938 | Lair:3   | Reached skill level 1 in Earth Magic
 12426 | Lair:3   | Killed Gastronok
 12734 | Lair:4   | Reached skill level 5 in Fighting
 12742 | Lair:4   | Noticed a six-headed hydra
 12891 | Lair:4   | Found a staircase to the Shoals.
 12939 | Lair:4   | Killed a six-headed hydra
 13091 | Lair:4   | Learned a level 5 spell: Fireball
 13110 | Lair:4   | Reached skill level 13 in Spellcasting
 13193 | Lair:4   | Reached skill level 1 in Fire Magic
 13290 | Lair:4   | Reached XP level 13. HP: 72/72 MP: 28/32
 13475 | Lair:4   | Found a sacrificial altar of Ru.
 13555 | Lair:4   | Found a hole to the Spider Nest.
 14181 | Lair:5   | Noticed Sonja
 14312 | Lair:5   | Offered knowledge of Airstrike by Vehumet.
 14527 | Lair:5   | You fall into a shaft and drop 1 floor!
 14527 | Lair:6   | Entered Level 6 of the Lair of Beasts
 14571 | Lair:6   | Reached skill level 5 in Earth Magic
 14571 | Lair:6   | Annihilated by a boulder beetle

Illustrated notes

Levels and vault maps discovered:
D:1:      lightli_arrival_quake, layout_rooms
D:2:      layout_rooms, marbit_many_paths, overflow_temple_1_default,
          cheibriados_altar_1
D:3:      wad_pebble_path, layout_rooms, minitemple,
          nicolae_ru_the_path_less_chosen, uniq_sigmund
D:4:      layout_gridville, minmay_temple_entry_drinking_statues
D:5:      layout_rooms, lemuel_crystal_altar, hellmonk_ghost_happy_afterlife,
          kennysheep_another_room, chei_slow_surprise, uniq_ijyb,
          uniq_crazy_yiuf_cottage
D:6:      layout_rooms, nrook_uturn, uniq_maggie
D:7:      layout_layer_cave, lemuel_zombie_altar_yredelemnul,
          overflow_temple_1_default, gammafunk_ghost_gnarly_gnolls,
          nicolae_benzene_ring
D:8:      layout_rooms, tgw_trog, erik_lair_dragon, hangedman_minor_gate_pass,
          uniq_harold
D:9:      layout_long_grid
D:10:     kennysheep_steamy, layout_loops_ring, grunt_ministairs_5
D:11:     layout_loops_ring, minmay_fractal_squares_gapless_5
Temple:   eino_temple_water
Lair:1:   layout_roguey, serial_bayou_shore_a
Lair:2:   wander_river, layout_regular_city, minmay_shattered_shrine
Lair:3:   layout_loops_ring, gammafunk_ghost_abyssal_escape,
          serial_bayou_shore_b, serial_bayou_shore_b, lemuel_fruit_tree,
          lemuel_fruit_fields, lemuel_fruit_fields, uniq_gastronok,
          uniq_nergalle
Lair:4:   layout_cave_pods, elwin_shoals_entry_rocks,
          nicolae_spider_entry_non_spiders, basic_altar, forest_entry_grove
Lair:5:   layout_regular_city, st_stairs_11, pf_torpor_hydra,
          grunt_megastairs_5, uniq_josephine, uniq_sonja
Lair:6:   gammafunk_lair_ancient_temple, layout_loops_ring, slime_altar_1

Skill      XL: |  1  2  3  4  5  6  7  8  9 10 11 12 13 |
---------------+----------------------------------------+-----
Fighting       | 1 2 3 5 |  5.5
Stealth        | 3 4 6 |  6.0
Conjurations   | 5 6 7 8 9 10 11 12 | 12.5
Dodging        | 3 4 6 |  6.0
Spellcasting   | 5 6 7 9 10 11 13 | 13.4
Hexes          | 2 3 4 5 7 8 9 |  9.8
Translocations | 1 2 4 6 8 9 |  9.7
Shields        | 4 5 |  5.0
Poison Magic   | 3 4 |  4.0
Air Magic      | 2 |  2.0
Earth Magic    | 3 5 |  5.0
Fire Magic     | 1 3 |  3.3

Action                   |  1- 3 |  4- 6 |  7- 9 | 10-12 | 13-15 || total
-------------------------+-------+-------+-------+-------+-------++-------
Melee: Dagger            |    18 |    17 |    17 |    33 |     5 ||    90
Throw: Dart              |       |       |    11 |       |       ||    11
 Cast: Magic Dart        |    39 |    54 |    48 |    39 |     8 ||   188
       Searing Ray       |     8 |    15 |    43 |    69 |     5 ||   140
       Fulminant Prism   |       |       |    24 |   105 |    16 ||   145
       Iskenderun's Myst |       |       |    13 |    58 |    25 ||    96
       Mephitic Cloud    |       |       |       |     1 |       ||     1
       Fireball          |       |       |       |       |     6 ||     6
       Iron Shot         |       |       |       |       |     1 ||     1
Evoke: Wand              |       |       |       |     3 |     1 ||     4
  Use: Potion            |       |       |     3 |     1 |       ||     4
       Scroll            |       |       |       |    19 |       ||    19
 Stab: Sleeping          |     2 |     2 |       |       |       ||     4
       Confused          |       |       |       |     1 |       ||     1
Armor: Robe              |       |     6 |    15 |    13 |     2 ||    36
Dodge: Dodged            |    16 |    22 |    67 |    55 |    15 ||   175
Block: Buckler           |       |       |       |     8 |     9 ||    17
